 Dungeon Crawl Stone Soup version 0.28.0-47-ge53b351184 (webtiles) character file.

Game seed: 13773450461205583772

53 Peloso the Covered (level 3, -3/33 HPs)
             Began as a Minotaur Fighter on Apr 29, 2022.
             Killed from afar by Sigmund (7 damage)
             ... with a puff of flame
             ... on level 2 of the Dungeon.
             The game lasted 00:01:12 (1121 turns).

Peloso the Covered (Minotaur Fighter)               Turns: 1121, Time: 00:01:13

Health: -3/33      AC:  7    Str: 20    XL:     3   Next: 64%
Magic:  2/2        EV:  9    Int:  5    God:
Gold:   51         SH:  0    Dex: 11    Spells: 2/2 levels left

rFire   . . .      SeeInvis .   a - +0 long sword
rCold   . . .      Faith    .   c - +0 buckler
rNeg    . . .      Spirit   .   b - +0 scale mail
rPois   .          Reflect  .   (helmet restricted)
rElec   .          Harm     .   (no cloak)
rCorr   .          Rampage  .   (no gloves)
Will    .....                   (no boots)
Stlth   ..........              (no amulet)
HPRegen 0.11/turn               (no ring)
MPRegen 0.08/turn               (no ring)

@: confused
A: horns 2, retaliatory headbutt
a: no special abilities


You were on level 2 of the Dungeon.
You visited 1 branch of the dungeon, and saw 2 of its levels.

You collected 51 gold pieces.

Inventory:

Hand Weapons
 a - a +0 long sword (weapon)
Armour
 b - a +0 scale mail (worn)
 c - a +0 buckler (worn)
Jewellery
 f - a ring of magical power
Scrolls
 i - a scroll of acquirement {unknown}
 j - a scroll of enchant weapon {unknown}
Potions
 d - a potion of might
 e - a potion of cancellation {unknown}
 g - a potion of curing {unknown}
 h - a potion of mutation {unknown}


   Skills:
 + Level 4.2 Fighting
 + Level 3.0 Long Blades
 + Level 4.4 Armour
 + Level 0.3 Dodging
 + Level 4.0 Shields


You had 2 spell levels left.
You didn't know any spells.
Your spell library was empty.

Dungeon Overview and Level Annotations

Branches:
Dungeon (2/15)

Altars:

Annotations:
D:2 Sigmund


Innate Abilities, Weirdness & Mutations

You have a pair of horns on your head.
You reflexively headbutt those who attack you in melee.


Message History

Unknown command.
You barely miss Sigmund. Your headbutt misses Sigmund.
Sigmund is moderately wounded.
Sigmund points at you and mumbles some strange words.
You are more confused.
Sigmund closely misses you.
You bump into the rock wall.
You're too confused to move!
Sigmund hits you but does no damage.
You bump into the rock wall.
Sigmund laughs darkly.
Sigmund barely misses you.
You barely miss Sigmund. You headbutt Sigmund.
Sigmund is heavily wounded.
You hit Sigmund.
Sigmund is severely wounded.
Sigmund hits you with a +0 scythe.
* * * LOW HITPOINT WARNING * * *
You miss Sigmund.
Sigmund is severely wounded.
Sigmund casts a spell at you. You resist with significant effort.
You slash Sigmund! Your headbutt misses Sigmund.
Sigmund is almost dead.
Sigmund barely misses you.
You bump into the rock wall.
Sigmund hits you with a +0 scythe.
* * * LOW HITPOINT WARNING * * *
You're too confused to move!
Sigmund mumbles some strange words.
Sigmund flickers and vanishes!
Deactivating autopickup; reactivate with Ctrl-A.
You barely miss something. Something hits you but does no damage.
You barely miss something. Your headbutt misses something.
You feel less confused.
You hear some strange, mumbled words.
You are confused.
You miss something.
You hear some strange, mumbled words.
A puff of flame appears from out of thin air!
The puff of flame hits you!
You die...

..# #.# #.#
#.# #.# #.#
#.# #.# ##.#
#.# ... #{#
#.######@#
#.#...##)#
#..###.#.####
##.##
##.....#
########.##
##.##.#
#........#
#.# #
.........#
#.#
..#######.#
... ..# #.#
##.


There were no monsters in sight!

Vanquished Creatures
  A gnoll (D:1)
  An adder (D:2)
  A dart slug (D:2)
  3 ball pythons (D:1)
  2 bats (D:1)
  2 endoplasms (D:1)
  7 goblins
  4 hobgoblins
  2 quokkas (D:1)
  3 kobolds (D:1)
  2 rats (D:1)
28 creatures vanquished.

Notes
Turn   | Place    | Note
-------+----------+-------------------------------------------
     0 | D:1      | Peloso the Minotaur Fighter began the quest for the Orb.
     0 | D:1      | Reached XP level 1. HP: 19/19 MP: 0/0
     2 | D:1      | Found a faded altar of an unknown god.
   187 | D:1      | Reached XP level 2. HP: 27/27 MP: 1/1
   455 | D:1      | Reached XP level 3. HP: 33/33 MP: 2/2
  1096 | D:2      | Noticed Sigmund
  1121 | D:2      | Killed from afar by Sigmund

Illustrated notes

Levels and vault maps discovered:
D:1:      minmay_arrival_semitransparent, layout_loops_ring,
          ebering_ecumenical_altar_sacrificial
D:2:      layout_loops_ring, basic_altar, uniq_sigmund

Skill      XL: |  1  2  3 |
---------------+----------+-----
Armour         | 4 |  4.4
Fighting       | 4 |  4.2
Long Blades    | 3 |  3.0
Shields        | 4 |  4.0
Dodging        | |  0.3

Action                   || total
-------------------------++-------
Melee: Long sword        ||    73
       Headbutt          ||    10
Armor: Scale mail        ||    32
Dodge: Dodged            ||    24
Block: Buckler           ||     8
